 Dungeon Crawl Stone Soup version 0.19.5 (webtiles) character file.

18 Chaoticas the Magician (level 2, 0/16 HPs)
             Began as a Gargoyle Wizard on Apr 16, 2017.
             Slain by an adder (2 damage)
             ... on level 1 of the Dungeon.
             The game lasted 00:04:10 (958 turns).

Chaoticas the Magician (Gargoyle Wizard)             Turns: 958, Time: 00:04:11

Health: 0/16       AC:  5    Str: 10    XL:     2   Next: 70%
Magic:  4/6        EV: 12    Int: 18    God:
Gold:   67         SH:  0    Dex:  8    Spells: 2 memorised, 4 levels left

rFire  . . .     SeeInvis .     e - +0 whip
rCold  . . .     Gourm    .     a - +0 robe
rNeg   + . .     Faith    .     (no shield)
rPois  ∞         Spirit   .     b - +0 hat
rElec  +         Reflect  .     (no cloak)
rCorr  .         Harm     .     (no gloves)
MR     .....                    h - +0 pair of boots
Stlth  ++........               (no amulet)
                                (no ring)
                                (no ring)

@: no status effects
A: negative energy resistance 1, electricity resistance, unbreathing,
petrification resistance, rot immunity, AC +2
a: no special abilities


You were on level 1 of the Dungeon.
You were not hungry.

You visited 1 branch of the dungeon, and saw 1 of its levels.

You collected 67 gold pieces.

Inventory:

Hand Weapons
 e - a +0 whip (weapon)
Armour
 a - a +0 robe (worn)
 b - a +0 hat (worn)
 h - a +0 pair of boots (worn)
 i - a +0 leather armour
Scrolls
 g - 2 scrolls of recharging {unknown}
 j - a scroll of enchant weapon {unknown}
 k - 2 scrolls of remove curse {unknown}
 m - a scroll of fog {unknown}
Potions
 f - a potion of curing {unknown}
Books
 c - a book of Minor Magic

   Spells                             Type                      Level
   a - Magic Dart                     Conjuration                  1
   b - Blink                          Translocation                2
   c - Call Imp                       Summoning                    2
   d - Repel Missiles                 Charms/Air                   2
   e - Slow                           Hexes                        2
   f - Conjure Flame                  Conjuration/Fire             3
   g - Mephitic Cloud                 Conjuration/Poison/Air       3
Comestibles
 d - a bread ration
 l - a slice of pizza


   Skills:
 + Level 0.9 Fighting
 + Level 0.4 Armour
 - Level 1.5 Dodging
 - Level 2.1 Stealth
 * Level 3.3 Spellcasting
 - Level 1.4 Conjurations
 * Level 1.1 Summonings
   Level 0.8 Translocations


You had 4 spell levels left.
You knew the following spells:

 Your Spells              Type           Power        Failure   Level  Hunger
a - Magic Dart            Conj           #...         12%         1    None
b - Call Imp              Summ           #.......     17%         2    ##.....


Dungeon Overview and Level Annotations

Branches:
Dungeon (1/15)

Altars:


Innate Abilities, Weirdness & Mutations

You are resistant to torment.
Your stone body is resilient. (AC +2)
You are immune to poison.
You resist negative energy. (rN+)
You are resistant to electric shocks. (rElec)
You can survive without breathing.
You are immune to petrification.
You are immune to rotting.


Message History

You completely miss the adder.
The adder is moderately wounded.
The adder barely misses you. The adder misses you.
You closely miss the adder.
The adder is moderately wounded.
The adder bites you.
* * * LOW HITPOINT WARNING * * *
You barely miss the adder.
The adder is moderately wounded.
The adder bites you.
* * * LOW HITPOINT WARNING * * *
Casting: Magic Dart
Confirm with . or Enter, or press ? or * to list all spells.
Aiming: Magic Dart
Press: ? - help, Shift-Dir - straight line, f/p - adder
Aim: an adder (moderately wounded)
The magic dart hits the adder.
The adder is heavily wounded.
The adder bites you.
You die...

.#........###..>..#..........#
.#.#####.## #.....#.......##.#
...# #.# #######...)>..# #
#### #.# #.......# #.#######
#.......##.# #.......#
#..........#
##############.####.......####
#.......# ###.#.S.....####
#.#####.# #....@#######
.....##.# #.....# #.##.##.#
#.....# #.##.##.# #.....#
#.......# #.....# ####.####
####### # #.###### # #......#
#.####.#


You could see an adder.

Vanquished Creatures
  4 bats (D:1)
  3 giant cockroaches (D:1)
  2 goblins (D:1)
  A hobgoblin (D:1)
  A frilled lizard (D:1)
  2 kobolds (D:1)
  3 rats (D:1)
16 creatures vanquished.

Notes
Turn   | Place    | Note
-------+----------+-------------------------------------------
     0 | D:1      | Chaoticas the Gargoyle Wizard began the quest for the Orb.
     0 | D:1      | Reached XP level 1. HP: 10/10 MP: 4/4
   150 | D:1      | Reached XP level 2. HP: 15/16 MP: 3/6
   158 | D:1      | Learned a level 2 spell: Call Imp
   360 | D:1      | Reached skill level 1 in Summonings
   958 | D:1      | Slain by an adder

Skill      XL: |  1  2 |
---------------+-------+-----
Summonings     | 1 |  1.1
Fighting       | |  0.9
Armour         | |  0.4
Dodging        | |  1.5
Stealth        | |  2.1
Spellcasting   | |  3.3
Conjurations   | |  1.4
Translocations | |  0.8

Action                   || total
-------------------------++-------
Melee: Whip              ||    58
 Cast: Magic Dart        ||    10
 Stab: Sleeping          ||     1
Armor: Robe              ||    42
Dodge: Dodged            ||    62
